 Dungeon Crawl Stone Soup version 0.18-a0-1211-g828307d (webtiles) character file.

13746 M4edhros the Slinger (level 11, -7/83 HPs)
             Began as a Deep Dwarf Artificer on Feb 3, 2016.
             Was a Follower of Fedhas.
             Mangled by Maud
             ... wielding a +1 broad axe of electrocution
              (15 damage)
             ... on level 11 of the Dungeon.
             The game lasted 00:40:27 (11251 turns).

M4edhros the Slinger (Deep Dwarf Artificer)        Turns: 11251, Time: 00:40:27

Health: -7/83      AC: 13    Str: 18      XL:     11   Next: 79%
Magic:  18/19      EV:  5    Int: 13      God:    Fedhas [*.....]
Gold:   352        SH:  4    Dex:  7 (9)  Spells: 0 memorised, 10 levels left

rFire  . . .     SeeInvis +     t - +4 trident (vamp)
rCold  . . .     Gourm    +     R - +0 plate armour
rNeg   . . .     Faith    .     m - +2 buckler
rPois  .         Spirit   .     w - +0 helmet
rElec  .         Dismiss  .     (no cloak)
rCorr  .         Reflect  .     (no gloves)
SustAt .         Harm     .     (no boots)
MR     +....                    C - amulet of the gourmand
Stlth  ..........               r - ring of see invisible (curse)
                                l - ring of magical power

@: non-regenerating, heavily drained, somewhat resistant to hostile
enchantments, extremely unstealthy
A: damage resistance, recharge devices, claws 1, clumsy 2, dopey 1, frail 1, low
mp 1, sense surroundings 2, slow regeneration 3, strong 1
a: Device Recharging, Evolution, Renounce Religion


You were on level 11 of the Dungeon.
You worshipped Fedhas.
Fedhas was aware of your devotion.
You were very hungry.

You visited 2 branches of the dungeon, and saw 12 of its levels.

You collected 551 gold pieces.
You spent 199 gold pieces at shops.

Inventory:

Hand Weapons
 t - a +4 vampiric trident (weapon)
 K - the +11 hunting sling "Byipleewn" {velocity, MR+ MP+9 Dex+2}
   (You found it on level 6 of the Dungeon)

   Any stone fired from it inflicts extra damage.
   It affects your dexterity (+2).
   It affects your resistance to hostile enchantments.
   It affects your magic capacity (+9).
 P - the +7 hand axe of Qoiffiel {freeze, Int+2}
   (You found it on level 6 of the Dungeon)

   It has been specially enchanted to freeze those struck by it, causing extra
   injury to most foes and up to half again as much damage against particularly
   susceptible opponents.
   It can also slow down cold-blooded creatures.
   It affects your intelligence (+2).
Missiles
 h - 167 stones (quivered)
 i - 15 sling bullets of frost
 A - 86 sling bullets
Armour
 m - a +2 buckler (worn)
 w - a +0 helmet (worn)
 R - a +0 plate armour (worn)
Jewellery
 l - a ring of magical power (left claw)
 r - a cursed ring of see invisible (right claw)
 z - an uncursed ring of resist corrosion
 C - an amulet of the gourmand (around neck)
 G - an uncursed ring of stealth
Wands
 a - a wand of flame (24/48)
 c - a wand of flame (10/48)
 d - a wand of enslavement (5/24)
 e - a wand of random effects (4/48)
 f - a wand of heal wounds (2/9)
 k - a wand of digging (16/24)
 x - a wand of digging (15/24)
 y - a wand of slowing (20/48)
 E - a wand of confusion (25/48)
 I - a wand of polymorph (15/24)
 J - a wand of confusion (0/48)
 S - a wand of random effects (32/48)
Scrolls
 b - 2 scrolls of fog
 q - 3 scrolls of remove curse
 M - a scroll of amnesia
 N - 2 scrolls of fear
 O - a scroll of vulnerability
 T - a scroll of silence
Potions
 n - 2 potions of curing
 p - 2 potions of haste
 B - 2 potions of lignification
Miscellaneous
 u - a box of beasts {used: 1}
 U - a stone of tremors
Comestibles
 g - 9 bread rations
 o - 7 slices of pizza
 s - 4 beef jerkies
 D - a royal jelly
 L - 11 fruits


   Skills:
 + Level 4.5(3.2) Fighting
   Level 0.8(0.0) Short Blades
   Level 5.1(3.9) Maces & Flails
 * Level 7.3(6.0) Polearms
 + Level 11.9(10.3) Slings
 + Level 5.9(4.6) Armour
 - Level 2.1(1.0) Dodging
 - Level 1.2(0.1) Stealth
 * Level 8.6(7.2) Invocations
 - Level 10.4(8.9) Evocations


You had 10 spell levels left.
You didn't know any spells.

Dungeon Overview and Level Annotations

Branches:
Dungeon (11/15)            Temple (1/1) D:6            Lair (0/8) D:11
    Orc (0/2) D:10

Altars:
Ashenzari
Cheibriados
Dithmenos
Elyvilon
Fedhas
Gozag
Kikubaaqudgha
Makhleb
Nemelex Xobeh
Okawaru
Pakellas
Qazlal
Ru
Sif Muna
Trog
Vehumet
Xom
Yredelemnul
Zin
The Shining One

Shops:
D:4 *   D:5 ?   D:7 !**((   D:9 !   D:10 [[[(

Portals:
Trove: D:10 (give 12 scrolls of teleportation)

Annotations:
D:11 Maud


Innate Abilities, Weirdness & Mutations

You are resistant to damage.
You can recharge devices by infusing magical energy.
You passively map the area around you.
You do not regenerate naturally.
You have sharp fingernails.
You are very clumsy. (Dex -4)
You are dopey. (Int -2)
You are frail (-10% HP).
Your magical capacity is low (-10% MP).
Your muscles are strong. (Str +2)


Message History

Something smites you!
* * * LOW HITPOINT WARNING * * *
Maud screams, "If you give me 'Entarex', I'll let you live!"
The orc priest hits you with a hand axe of chopping.
The orc priest closely misses you.
Things that are here:
a robe; a halberd Drink which item? (? for menu, Esc to quit)
Okay, then.
Evoke which item? (* to show all) (? for menu, Esc to quit)
Zapping:
f - a wand of heal wounds (3/9)
Press: ? - help, Shift-Dir - straight line, f - you, p - Maud You feel much better.
This wand has 2 charges left.
Maud asks, "Will you think of me as you die?"
Maud hits you with a broad axe of electrocution!!
* * * LOW HITPOINT WARNING * * *
You are electrocuted!
You die...
Xom giggles madly!
Fedhas appreciates your contribution to the ecosystem.

,, #........# ###.>.....
* #........# ##.##### ,
#####'#### #.# #####.#
#...# ..* #.....#
#######[## #.#
#.##########....[...# .#
......f#............# +#
*
<.).<))..###...[....####
* , , ......)###
#...@@......# , >......#
#...o....##..* ,,,
.......# #........#* .#
,, ######## #........# .
, ########## * ,, * **


You could see Maud and an orc priest.

Vanquished Creatures
  A frost giant (D:10)
  Josephine (D:10)
  A vault guard (D:10)
  Erolcha (D:10)
  A centaur warrior (D:10)
  Nergalle (D:10)
  An unseen horror (D:10)
  A flayed ghost (D:10)
  A hill giant (D:11)
  2 wandering mushrooms (D:11)
  The ghost of M4edhros the Covert, a novice OpAr of Xom (D:6)
  2 manticores (D:11)
  2 trolls
  A wyvern (D:8)
  A hog (D:7)
  3 wraiths (D:10)
  A steam dragon (D:7)
  A human (D:7)
  A hungry ghost (D:11)
  A water moccasin (D:9)
  4 orc warriors
  3 sky beasts
  3 ice beasts
  2 phantoms
  7 ogres
  4 centaurs
  A big kobold (D:10)
  5 giant frogs
  A wyvern zombie (D:7)
  4 scorpions
  2 wyvern skeletons
  12 killer bees
  6 wights
  5 crimson imps
  A giant frog zombie (D:9)
  A quasit (D:7)
  A centaur zombie (D:6)
  2 gnoll shamans
  5 orc priests
  2 hounds
  2 jellies
  9 orc wizards
  3 centaur skeletons
  5 giant frog skeletons
  An iguana (D:8)
  2 worker ants
  3 sheep (D:7)
  A hound zombie (D:8)
  A worker ant zombie (D:5)
  8 adders
  15 gnolls
  6 shadow imps
  An ooze (D:1)
  2 adder skeletons
  3 worms
  4 giant geckos
  59 orcs
  11 bats
  8 giant cockroaches
  8 goblins
  7 hobgoblins
  8 jackals
  7 quokkas
  2 ball pythons
  A ball python skeleton (D:4)
  A giant gecko skeleton (D:5)
  2 giant newts
  A jackal zombie (D:7)
  14 kobolds
  13 rats
304 creatures vanquished.

Vanquished Creatures (collateral kills)
  2 wraiths
  A hungry ghost (D:10)
  A warg (D:11)
  2 orc warriors (D:11)
  A phantom (D:9)
  A giant frog (D:10)
  4 gnolls
  5 orcs
17 creatures vanquished.

Vanquished Creatures (others)
  A wyvern (D:11)
  A soldier ant (D:11)
  10 wandering mushrooms
  2 gnolls
  A plant (D:11)
  88 toadstools
103 creatures vanquished.

Grand Total: 424 creatures vanquished

Notes
Turn   | Place    | Note
--------------------------------------------------------------
     0 | D:1      | M4edhros the Deep Dwarf Artificer began the quest for the Orb.
     0 | D:1      | Reached XP level 1. HP: 16/16 MP: 3/3
    81 | D:1      | Reached XP level 2. HP: 24/24 MP: 5/5
   177 | D:1      | Reached skill level 5 in Evocations
  1105 | D:2      | Reached XP level 3. HP: 10/30 MP: 7/7
  1208 | D:2      | Found a shadowy altar of Dithmenos.
  1417 | D:2      | Found a white marble altar of Elyvilon.
  1667 | D:2      | Reached skill level 6 in Evocations
  1974 | D:2      | Noticed a moth of wrath
  1976 | D:2      | Found a bloodstained altar of Trog.
  2408 | D:3      | Reached XP level 4. HP: 33/37 MP: 7/7
  2576 | D:3      | Reached skill level 7 in Evocations
  2661 | D:3      | Found a sparkling altar of Nemelex Xobeh.
  3389 | D:4      | Reached XP level 5. HP: 29/43 MP: 9/9
  3424 | D:4      | Reached skill level 8 in Evocations
  3527 | D:4      | Found an opulent altar of Gozag.
  3841 | D:4      | Found Ahoacay's General Store.
  3852 | D:4      | Bought a potion of heal wounds for 50 gold pieces
  3852 | D:4      | Bought a scroll of identify for 20 gold pieces
  4001 | D:4      | Found a deep blue altar of Sif Muna.
  4317 | D:5      | Entered Level 5 of the Dungeon
  4338 | D:5      | Reached skill level 1 in Slings
  4341 | D:5      | Reached XP level 6. HP: 18/50 MP: 11/11
  4385 | D:5      | Noticed an ice beast
  4388 | D:5      | Killed an ice beast
  4388 | D:5      | Reached skill level 9 in Evocations
  4454 | D:5      | Found a burning altar of Makhleb.
  4458 | D:5      | Reached XP level 7. HP: 26/56 MP: 13/13
  4972 | D:5      | Reached skill level 10 in Evocations
  5077 | D:5      | Found an oddly glowing altar of Pakellas.
  5159 | D:5      | Reached skill level 5 in Slings
  5183 | D:5      | Found a glowing golden altar of the Shining One.
  5270 | D:5      | Found Epiunob's Magic Scroll Shoppe.
  5441 | D:6      | Reached skill level 1 in Maces & Flails
  5455 | D:6      | Reached XP level 8. HP: 40/63 MP: 13/13
  5506 | D:6      | Found a staircase to the Ecumenical Temple.
  5581 | D:6      | Noticed M4edhros's ghost (novice OpAr)
  5609 | D:6      | Killed M4edhros's ghost
  5783 | D:6      | Got a steaming hunting sling
  5784 | D:6      | Identified the +11 hunting sling "Byipleewn" {velocity, MR+ MP+9 Dex+2} (You found it on level 6 of the Dungeon)
  6013 | Temple   | Entered the Ecumenical Temple
  6028 | Temple   | Became a worshipper of Xom of Many Doors
  6117 | D:6      | XOM: harmless Conj miscast
  6163 | D:6      | XOM: harmless Conj miscast
  6191 | D:6      | XOM: potion effect (curing)
  6227 | D:6      | Reached skill level 5 in Maces & Flails
  6330 | D:6      | XOM is BORED!
  6330 | D:6      | XOM: medium Tloc miscast
  6457 | D:6      | Noticed a troll
  6466 | D:6      | Killed a troll
  6466 | D:6      | Gained mutation: You passively map the area around you. [Deep Dwarf growth]
  6466 | D:6      | Reached XP level 9. HP: 49/69 MP: 14/14
  6549 | D:6      | Found a sparkling altar of Nemelex Xobeh.
  6549 | D:6      | Noticed an orc knight
  6636 | D:6      | Got an encrusted hand axe
  6637 | D:6      | Identified the +7 hand axe of Qoiffiel {freeze, Int+2} (You found it on level 6 of the Dungeon)
  7150 | D:7      | Found Sakef's Distillery.
  7178 | D:7      | Found Qoyjuekk's General Store.
  7205 | D:7      | Reached skill level 10 in Slings
  7212 | D:7      | Bought a potion of curing for 39 gold pieces
  7219 | D:7      | Found Myhettyu's Weapon Shoppe.
  7263 | D:7      | XOM: chaos upgrade
  7329 | D:7      | Found a blossoming altar of Fedhas.
  7341 | D:7      | Fell from the grace of Xom
  7341 | D:7      | Became a worshipper of Fedhas Madash
  7385 | D:7      | Found Uzaolisk's Antique Weapon Shop.
  7462 | D:7      | XOM: summons 4 hostile shadow creatures
  7508 | D:7      | Reached skill level 1 in Polearms
  7508 | D:7      | Reached skill level 1 in Armour
  7575 | D:7      | Gained mutation: You tend to lose your temper in combat. [mutagenic meat]
  7576 | D:7      | Gained mutation: You are dopey. (Int -2) [mutagenic meat]
  7577 | D:7      | Gained mutation: Armour fits poorly on your strangely shaped body. [mutagenic meat]
  7578 | D:7      | Lost mutation: You are dopey. (Int -2) [mutagenic meat]
  7582 | D:7      | Lost mutation: Armour fits poorly on your strangely shaped body. [potion of cure mutation]
  7582 | D:7      | Lost mutation: You tend to lose your temper in combat. [potion of cure mutation]
  7680 | D:7      | Found Ceniyta's Assorted Antiques.
  7704 | D:7      | Bought 2 potions of mutation for 60 gold pieces
  7704 | D:7      | Gained mutation: You are resistant to hostile enchantments. [potion of mutation]
  7704 | D:7      | Gained mutation: You are occasionally teleported next to monsters. [potion of mutation]
  7704 | D:7      | Gained mutation: Your spells are a little harder to cast, but a little more powerful. [potion of mutation]
  7705 | D:7      | Gained mutation: Your magical capacity is low (-10% MP). [potion of mutation]
  7705 | D:7      | Gained mutation: You are clumsy. (Dex -2) [potion of mutation]
  7706 | D:7      | Lost mutation: Your magical capacity is low (-10% MP). [potion of cure mutation]
  7706 | D:7      | Lost mutation: You are resistant to hostile enchantments. [potion of cure mutation]
  7706 | D:7      | Lost mutation: Your spells are a little harder to cast, but a little more powerful. [potion of cure mutation]
  7706 | D:7      | Lost mutation: You are clumsy. (Dex -2) [potion of cure mutation]
  7707 | D:7      | Lost mutation: You are occasionally teleported next to monsters. [potion of cure mutation]
  7797 | D:8      | Found an ancient bone altar of Kikubaaqudgha.
  7839 | D:8      | Found a radiant altar of Vehumet.
  8308 | D:8      | Reached * piety under Fedhas
  8347 | D:8      | Reached XP level 10. HP: 33/76 MP: 14/14
  8441 | D:8      | XOM: mild Ice miscast
  8816 | D:8      | Reached skill level 1 in Fighting
  8926 | D:8      | XOM: give mutation
  8926 | D:8      | Gained mutation: You are frail (-10% HP). [Xom's mischief]
  8960 | D:9      | Found Ytidweun's Distillery.
  8970 | D:9      | Bought a potion of mutation for 30 gold pieces
  8970 | D:9      | Gained mutation: You are clumsy. (Dex -2) [potion of mutation]
  8970 | D:9      | Gained mutation: You are very clumsy. (Dex -4) [potion of mutation]
  8970 | D:9      | Gained mutation: You are dopey. (Int -2) [potion of mutation]
  9000 | D:9      | Reached skill level 1 in Invocations
  9045 | D:9      | Found a snail-covered altar of Cheibriados.
  9119 | D:9      | XOM: mild Ice miscast
  9234 | D:9      | Gained mutation: You have sharp fingernails. [mutagenic meat]
  9235 | D:9      | Gained mutation: Your magical capacity is low (-10% MP). [mutagenic meat]
  9236 | D:9      | Gained mutation: Your muscles are strong. (Str +2) [mutagenic meat]
  9620 | D:10     | Entered Level 10 of the Dungeon
  9620 | D:10     | Noticed Josephine
  9666 | D:10     | Found a staircase to the Orcish Mines.
  9686 | D:10     | Noticed a centaur warrior
  9696 | D:10     | Killed a centaur warrior
  9696 | D:10     | Reached skill level 5 in Polearms
  9696 | D:10     | Reached skill level 11 in Slings
  9739 | D:10     | Killed Josephine
  9754 | D:10     | Reached skill level 5 in Invocations
  9785 | D:10     | Found a large runed door.
  9789 | D:10     | Found a large runed door.
  9819 | D:10     | XOM: medium Conj miscast
  9908 | D:10     | Noticed Erolcha
  9919 | D:10     | Killed Erolcha
  9919 | D:10     | Reached XP level 11. HP: 37/81 MP: 13/13
  9931 | D:10     | XOM: noise
 10052 | D:10     | Noticed an unseen horror
 10059 | D:10     | Killed an unseen horror
 10059 | D:10     | Reached skill level 5 in Armour
 10060 | D:10     | Found Locwizxa's Weapon Shop.
 10122 | D:10     | Found Poxodoor's Antique Armour Emporium.
 10139 | D:10     | Found Futono's Armour Shoppe.
 10150 | D:10     | Noticed a vault guard
 10217 | D:10     | Killed a vault guard
 10251 | D:10     | Found a portal to a secret trove of treasure.
 10286 | D:10     | Found Xoryqus's Armour Emporium.
 10287 | D:10     | Noticed Nergalle
 10298 | D:10     | Killed Nergalle
 10400 | D:10     | Found an opulent altar of Gozag.
 10400 | D:10     | Noticed a frost giant
 10417 | D:10     | Killed a frost giant
 10423 | D:10     | Noticed a flayed ghost
 10429 | D:10     | Killed a flayed ghost
 10436 | D:10     | Found a snail-covered altar of Cheibriados.
 10487 | D:11     | Noticed Maud
 10497 | D:11     | HP: 1/82 [Maud/broad axe of electrocution (12)]
 10727 | D:11     | Reached ** piety under Fedhas
 10810 | D:11     | XOM: noise
 10819 | D:11     | Noticed a hill giant
 10844 | D:11     | Killed a hill giant
 10920 | D:11     | XOM: mild Trmt miscast
 10962 | D:11     | Found a staircase to the Lair.
 10962 | D:11     | XOM: 1-stop teleportation journey
 11166 | D:10     | XOM: summons 9 hostile demons
 11251 | D:11     | Mangled by Maud

Vault maps used:
D:1:      arrival_zaba_pyramid
D:2:      nicolae_dithmenos_shadow_blocks, tgw_trog, lemuel_doored_altar,
          corexii_hall_statues_t
D:3:      nicolae_overflow_crystal_walls
D:4:      grunt_gozag_breadcrumbs, nicolae_overflow_hidden_temple, serial_shops,
          shop, minivault_14, minmay_misc_feat_square
D:5:      lemuel_coloured_pillars_altar, tso_altar, makhleb_grotto_becter,
          first_bread, serial_shops, shop, kennysheep_cross_bottleneck,
          serial_bayou_pond_c, minmay_item_behind_shaft
D:6:      minmay_temple_entry_purple_smoke, grunt_nemelex_the_gamble
D:7:      fedhas_altar_1, serial_shops, kennysheep_mini_moat, shop,
          nicolae_shop_window_shopping, shop_fountains, kennysheep_little_box,
          grunt_livestock, grunt_ministairs_3
D:8:      old_standard_altar, basic_altar
D:9:      old_standard_altar, serial_shops, shop
D:10:     orc_0_dummy, serial_shops, shop, nicolae_shop_behind_doors, shop,
          shop, enter_trove_5, jmf_multi_god_temple2, uniq_josephine,
          uniq_nergalle, uniq_erolcha
D:11:     erik_lair_orcish_takeover, uniq_maud
Temple:   temple_eino_lava_8

Action                   |  1- 3 |  4- 6 |  7- 9 | 10-12 || total
-------------------------+-------+-------+-------+-------++-------
Melee: Short sword       |    60 |       |       |       ||    60
       Whip              |   108 |   144 |   298 |       ||   550
       Hand axe          |       |       |     6 |    20 ||    26
       Trident           |       |       |       |   199 ||   199
 Fire: Hunting sling     |       |       |   224 |   230 ||   454
Invok: Evolution         |       |       |       |    12 ||    12
 Abil: Device Recharging |     1 |       |     2 |     3 ||     6
Evoke: Wand              |     5 |    16 |    20 |    52 ||    93
       Box of beasts     |       |       |       |     1 ||     1
  Use: Scroll            |       |     6 |     7 |    10 ||    23
       Potion            |       |       |     9 |     6 ||    15
 Stab: Sleeping          |     1 |       |       |       ||     1
       Distracted        |     1 |       |       |     1 ||     2
       Confused          |       |       |     2 |     7 ||     9
  Eat: Chunk             |     4 |     7 |    14 |     3 ||    28
       Meat ration       |       |       |     1 |     2 ||     3
       Pizza             |       |       |     1 |       ||     1
       Royal jelly       |       |       |       |     1 ||     1
       Beef jerky        |       |       |       |     1 ||     1
